 Dungeon Crawl Stone Soup version 0.19.1 (webtiles) character file.

3577 tognito the Fighter (level 9, -1/86 HPs)
             Began as a Minotaur Berserker on Nov 26, 2016.
             Was an Elder of Trog.
             Slain by a three-headed hydra (9 damage)
             ... on level 8 of the Dungeon.
             The game lasted 00:13:59 (6290 turns).

tognito the Fighter (Minotaur Berserker)            Turns: 6290, Time: 00:14:00

Health: -1/86      AC: 17    Str: 25    XL:     9   Next: 84%
Magic:  8/8        EV: 11    Int:  4    God:    Trog [****..]
Gold:   589        SH:  0    Dex: 10    Spells: 0 memorised, 8 levels left

rFire  . . .     SeeInvis .     a - +1 war axe (chop)
rCold  . . .     Gourm    .     v - +2 chain mail {MR+}
rNeg   . . .     Faith    .     (no shield)
rPois  .         Spirit   .     b - +2 hat
rElec  .         Reflect  .     q - +0 cloak {MR+}
rCorr  .         Harm     .     s - +0 pair of gloves
MR     +++..                    (no boots)
Stlth  ..........               (no amulet)
                                u - ring of protection from magic
                                j - ring of stealth

@: no status effects
A: retaliatory headbutt, horns 2
a: Berserk, Trog's Hand, Brothers in Arms, Burn Spellbooks, Renounce Religion


You were on level 8 of the Dungeon.
You worshipped Trog.
Trog was greatly pleased with you.
You were not hungry.

You visited 1 branch of the dungeon, and saw 8 of its levels.

You collected 589 gold pieces.

Inventory:

Hand Weapons
 a - a +1 war axe of chopping (weapon)
Missiles
 z - 43 bolts
Armour
 b - a +2 hat (worn)
 q - a +0 cloak of magic resistance (worn)
 s - a +0 pair of gloves (worn)
 v - a +2 chain mail of magic resistance (worn)
Jewellery
 j - a ring of stealth (left hand)
 r - an uncursed ring of stealth
 u - a ring of protection from magic (right hand)
Wands
 o - a wand of hasting (2/9)
 y - a wand of random effects (24/48)
 A - a wand of acid (4/15)
Scrolls
 d - 3 scrolls of blinking
 e - 6 scrolls of identify
 f - 9 scrolls of remove curse
 i - a scroll of fear
 t - 2 scrolls of teleportation
 x - 2 scrolls of recharging {unknown}
 C - 3 scrolls of immolation {unknown}
Potions
 l - a potion of flight
 m - 4 potions of curing
 w - a potion of brilliance
 D - a potion of heal wounds
Comestibles
 c - 6 bread rations
 g - 3 meat rations
 h - 13 fruits
 k - 7 slices of pizza
 n - a royal jelly
 p - 2 beef jerkies
 B - 5 chunks of flesh


   Skills:
 * Level 10.4 Fighting
 * Level 10.4 Axes
 + Level 7.3 Armour
 + Level 6.5 Dodging


You had 8 spell levels left.
You didn't know any spells.

Dungeon Overview and Level Annotations

Branches:
Dungeon (8/15)             Temple (0/1) D:5
   Lair: D:8-11

Altars:
Dithmenos
Gozag
Makhleb
Nemelex Xobeh
Qazlal
Zin

Shops:
D:6 }


Innate Abilities, Weirdness & Mutations

You reflexively headbutt those who attack you in melee.
You have a pair of horns on your head.


Message History

The big kobold hits you with a dagger. The two-headed hydra bites you!
The two-headed hydra bites you but does no damage.
There is an open door, spattered with blood here.
You slice one of the two-headed hydra's heads off!
The one-headed hydra grows two more!
You slash the three-headed hydra!
The three-headed hydra is lightly wounded.
You slash the big kobold! The big kobold barely misses you.
You furiously retaliate!
You headbutt the big kobold! The three-headed hydra bites you!
* * * LOW HITPOINT WARNING * * *
The three-headed hydra bites you!
* * * LOW HITPOINT WARNING * * *
The three-headed hydra bites you!
* * * LOW HITPOINT WARNING * * *
Your ogre goes berserk!
You feel somewhat more hungry.
The big kobold hits you but does no damage.
The three-headed hydra bites you but does no damage. x2
The three-headed hydra bites you!
You die...

............#.##.#
########.........#
#.#.####### #.#.#
#.#.# #.#.# #.#.#
###########.#
#.D@O....##.#
#)K#.....##.#
#+###'''###.#
#.≈P.....##)########
#P≈≈..P..##.........
#≈≈P.....##..#######
#P≈.)....##..#
#PP≈.≈.≈.##..#######
#####.#####..)......


You could see a three-headed hydra, a big kobold and a friendly ogre (berserk).

Vanquished Creatures
  The ghost of Philosophy the Chopper, an amateur HOFi (D:5)
  2 dream sheep (D:8)
  2 yaks (D:8)
  A hornet zombie (D:6)
  An orc warrior (D:7)
  A phantom (D:7)
  2 sky beasts
  A centaur (D:6)
  3 ogres
  A crocodile (D:6)
  2 big kobolds (D:8)
  6 bullfrogs
  2 scorpions
  A howler monkey (D:5)
  3 crimson imps
  A bullfrog zombie (D:6)
  2 quasits
  3 hounds
  A jelly (D:7)
  Crazy Yiuf (D:3)
  3 orc priests
  4 orc wizards
  A centaur skeleton (D:6)
  Jessica (D:2)
  Terence (D:3)
  2 iguanas
  8 worker ants
  A killer bee zombie (D:5)
  A hound zombie (D:7)
  A hound skeleton (D:4)
  A worker ant zombie (D:5)
  A howler monkey zombie (D:5)
  4 gnolls (D:7)
  12 adders
  2 shadow imps
  2 oozes
  An adder skeleton (D:5)
  2 adder zombies (D:6)
  2 worms
  2 dart slugs
  4 leopard geckos
  23 orcs
  4 giant cockroaches
  3 goblins
  10 hobgoblins
  4 jackals
  9 quokkas
  2 ball pythons
  11 bats
  5 kobolds
  A leopard gecko skeleton (D:7)
  A quokka skeleton (D:4)
  9 rats
175 creatures vanquished.

Notes
Turn   | Place    | Note
-------+----------+-------------------------------------------
     0 | D:1      | tognito the Minotaur Berserker began the quest for the Orb.
     0 | D:1      | Reached XP level 1. HP: 19/19 MP: 0/0
   138 | D:1      | Reached XP level 2. HP: 23/27 MP: 1/1
   557 | D:2      | Reached XP level 3. HP: 30/33 MP: 2/2
   573 | D:2      | Reached ** piety under Trog
   695 | D:2      | Found a sparkling altar of Nemelex Xobeh.
   937 | D:2      | Noticed Jessica
   944 | D:2      | Killed Jessica
   944 | D:2      | Reached XP level 4. HP: 24/41 MP: 3/3
  1432 | D:3      | Found a glowing silver altar of Zin.
  1433 | D:3      | Found an opulent altar of Gozag.
  1470 | D:3      | Found a runed door.
  1474 | D:3      | Noticed Crazy Yiuf
  1482 | D:3      | Killed Crazy Yiuf
  1482 | D:3      | Reached skill level 5 in Axes
  1750 | D:3      | Reached XP level 5. HP: 47/47 MP: 4/4
  1855 | D:3      | Noticed Terence
  1857 | D:3      | Killed Terence
  1857 | D:3      | Reached skill level 5 in Fighting
  2477 | D:4      | Reached *** piety under Trog
  2514 | D:4      | Reached XP level 6. HP: 40/56 MP: 5/5
  2982 | D:5      | Entered Level 5 of the Dungeon
  3054 | D:5      | Found a stormy altar of Qazlal.
  3120 | D:5      | Reached XP level 7. HP: 56/63 MP: 6/6
  3172 | D:5      | Found a staircase to the Ecumenical Temple.
  3326 | D:5      | Noticed Philosophy's ghost (amateur HOFi)
  3339 | D:5      | Killed Philosophy's ghost
  3445 | D:5      | Reached skill level 5 in Armour
  3638 | D:5      | Reached **** piety under Trog
  3877 | D:6      | Reached XP level 8. HP: 54/73 MP: 7/7
  4349 | D:6      | Reached skill level 5 in Dodging
  4413 | D:6      | Got a fine scale mail
  4427 | D:6      | Identified the cursed +1 scale mail of Boadat {rElec Str+4 Int+2} (You found it on level 6 of the Dungeon)
  4510 | D:6      | Found a burning altar of Makhleb.
  4672 | D:6      | Found Ucwanna's Gadget Shoppe.
  5283 | D:7      | Reached XP level 9. HP: 80/82 MP: 8/8
  5369 | D:7      | Found a shadowy altar of Dithmenos.
  6229 | D:8      | Reached skill level 10 in Fighting
  6229 | D:8      | Reached skill level 10 in Axes
  6287 | D:8      | Noticed a two-headed hydra
  6290 | D:8      | Slain by a three-headed hydra

Skill      XL: |  1  2  3  4  5  6  7  8  9 |
---------------+----------------------------+-----
Fighting       | 4 5 6 7 8 10 | 10.4
Axes           | 4 5 6 7 8 10 | 10.4
Armour         | 3 4 5 6 7 |  7.3
Dodging        | 3 4 5 6 |  6.5

Action                   |  1- 3 |  4- 6 |  7- 9 || total
-------------------------+-------+-------+-------++-------
Melee: Hand axe          |    81 |   113 |       ||   194
       Headbutt          |    11 |    25 |    64 ||   100
       War axe           |       |    40 |   259 ||   299
Invok: Trog's Hand       |       |       |     1 ||     1
       Berserk           |       |       |     2 ||     2
       Burn Spellbooks   |       |       |     1 ||     1
       Brothers in Arms  |       |       |     1 ||     1
  Use: Potion            |     2 |     4 |     4 ||    10
       Scroll            |       |     9 |     3 ||    12
 Stab: Sleeping          |     1 |       |       ||     1
  Eat: Chunk             |       |     7 |    13 ||    20
Armor: Animal skin       |    10 |       |       ||    10
       Ring mail         |    10 |       |       ||    10
       Chain mail        |    12 |    85 |   154 ||   251
Dodge: Dodged            |    65 |    69 |   150 ||   284
